 Dungeon Crawl Stone Soup version 0.26.1-2-gb8aa6d0cf2 (webtiles) character file.

Game seed: 5911863618296048151

11 Gwenloh the Grasshopper (level 2, -1/25 HPs)
             Began as a Palentonga Warper on Mar 28, 2021.
             Slain by a gnoll
             ... wielding a +0 halberd
              (2 damage)
             ... on level 1 of the Dungeon.
             The game lasted 00:02:39 (349 turns).

Gwenloh the Grasshopper (Palentonga Warper)          Turns: 349, Time: 00:02:39

Health: -1/25      AC:  4    Str: 14    XL:     2   Next: 13%
Magic:  5/5        EV:  9    Int: 13    God:
Gold:   58         SH:  0    Dex:  9    Spells: 3/5 levels left

rFire    . . .     SeeInvis +   a - +0 hand axe
rCold    . . .     Faith    .   (no shield)
rNeg     . . .     Spirit   .   b - +0 leather armour
rPois    .         Reflect  .   (no helmet)
rElec    .         Harm     .   (no cloak)
rCorr    .         Rampage  .   (no gloves)
Will     .....                  (no barding)
Stlth    +.........             (no amulet)
HPRegen  0.08/turn              (no ring)
MPRegen  0.09/turn              (no ring)

@: no status effects
A: large, rugged brown scales 3, see invisible, deformed body, roll 1, armoured
tail
a: Rolling Charge


You were on level 1 of the Dungeon.
You visited 1 branch of the dungeon, and saw 1 of its levels.

You collected 58 gold pieces.

Inventory:

Hand Weapons
 a - a +0 hand axe (weapon)
Missiles
 c - 11 stones (quivered)
 e - 4 boomerangs of dispersal
Armour
 b - a +0 leather armour (worn)
Scrolls
 d - a scroll of blinking
 f - 2 scrolls of remove curse {unknown}
Potions
 g - 2 potions of ambrosia {unknown}
 h - 4 potions of magic {unknown}


   Skills:
 - Level 2.0 Fighting
 + Level 2.8 Axes
 - Level 0.6 Throwing
 - Level 0.7 Armour
 - Level 1.5 Dodging
 - Level 2.0 Spellcasting
 + Level 3.0 Translocations


You had 3 spell levels left.
You knew the following spells:

 Your Spells              Type           Power        Failure   Level
a - Blink                 Tloc           N/A          14%         2

Your spell library contained the following spells:

 Spells                   Type           Power        Failure   Level
 Gell's Gravitas          Tloc           4%           28%         3
 Lesser Beckoning         Tloc           4%           28%         3
 Teleport Other           Tloc           9%           28%         3
 Passage of Golubria      Tloc           N/A          67%         4


Dungeon Overview and Level Annotations

Branches:
Dungeon (1/15)

Altars:


Innate Abilities, Weirdness & Mutations

You are completely covered in rugged brown scales. (AC +3, +7% HP)
You have supernaturally acute eyesight. (SInv)
Armour fits poorly on your strangely shaped body.
You can roll at nearby foes to attack.
You have a long armoured tail.


Message History

The gnoll is heavily wounded.
The gnoll hits you with a +0 halberd.
You hit the gnoll but do no damage.
The gnoll is heavily wounded.
The gnoll hits you with a +0 halberd!
* * * LOW HITPOINT WARNING * * *
You closely miss the gnoll.
Your tail-slap misses the gnoll.
The gnoll is heavily wounded.
The gnoll barely misses you.
You hit the gnoll.
The gnoll is heavily wounded.
You closely miss the frilled lizard. The frilled lizard closely misses you.
You hit the gnoll but do no damage.
The gnoll is heavily wounded.
You miss the frilled lizard. The gnoll barely misses you.
The frilled lizard bites you but does no damage.
You barely miss the gnoll.
The gnoll is heavily wounded.
You closely miss the frilled lizard. The gnoll hits you with a +0 halberd.
You die...

.# ## .# .. .#
#.#.# #.#.#
#?#.##
##.###l...####
#..((.g@.....#
...###....##.#
#.#.###.#
#.#.# #.#
#.#.# #.# ..
.# #.# .. ##
#.# ### #.###
#...#


You could see a gnoll and a frilled lizard.

Vanquished Creatures
  2 goblins (D:1)
  2 hobgoblins (D:1)
  A bat (D:1)
  A frilled lizard (D:1)
  3 kobolds (D:1)
  2 rats (D:1)
11 creatures vanquished.

Vanquished Creatures (others)
  55 plants (D:1)
55 creatures vanquished.

Grand Total: 66 creatures vanquished

Notes
Turn   | Place    | Note
-------+----------+-------------------------------------------
     0 | D:1      | Gwenloh the Palentonga Warper began the quest for the Orb.
     0 | D:1      | Reached XP level 1. HP: 18/18 MP: 3/3
   208 | D:1      | Reached XP level 2. HP: 25/25 MP: 5/5
   211 | D:1      | Learned a level 2 spell: Blink
   345 | D:1      | HP: 1/25 [gnoll/+0 halberd (11)]
   349 | D:1      | Slain by a gnoll

Illustrated notes

Levels and vault maps discovered:
D:1:      roderic_crop_circles_arrival_small, layout_loops_ring,
          minmay_misc_feat_iff

Action                   || total
-------------------------++-------
Melee: Hand axe          ||    46
       Tailslap          ||     1
Throw: Stone             ||     5
       Boomerang         ||     1
 Cast: Blink             ||     1
 Abil: Rolling Charge    ||    10
Armor: Leather armour    ||    16
Dodge: Dodged            ||    17
